Unix NetHack Version 3.7.0-53 Work-in-progress - last build Apr 18 2022 03:42:42 (02b85442fffe0e2954e411e09df771b56fe27bbc,branch:master). Game began 2022-04-22 08:29:54, ended 2022-04-22 08:39:23. bezaban, neutral male human Tourist --- --- | --.-------.---- |..---- |...|.|.|.....| --------------------------....|.---.............--- |................................|................--- -- |<...------ ...------------- |.........--...........-- .| - ----......| ..-- -.......--.............| -.-- . ------..---..-- -.....|..............| |.. .- --..%....-- ---.....--...........| #.| |.| ----.....------ --...---|.....---..-- ---.| ..| --........--.--- |.....| --....| --.| |...#--- -..| |..............-- --^....| ---.-- |.)-- |......-----..| --...............--- |......-- --- ##..*---|...|.......@.| |.........^........| |.......-- 0 ---*..-|..-|..--...--- |...............--.)........| ---.|......| --...|.-----.....| | ---.....---..|-........--- |...|---..-- --..|.| -....| --.... ---|......----#---.--- |..| --....| |....| |... --.....###......# #.## |.....| ---.-- --.. |.>...| |.)----- -#- --...-- --- --- ----.-- ---- --.-- --- --- Bezaban the Rambler St:11 Dx:10 Co:18 In:11 Wi:9 Ch:16 Neutral Dlvl:4 $:880 HP:0(11) Pw:2(2) AC:9 Xp:1/14 T:1619 Blind Deaf Latest messages: The arrow misses the gnome. The arrow hits Dogface. Dogface bites the gnome. The gnome is killed! Dogface grows up into a large dog. You swap places with Dogface. Pick an object. Dogface misses the gnome. Dogface bites the gnome. The gnome is killed! Dogface eats a gnome corpse. You swap places with Dogface. M - 2 red gems. You swap places with Dogface. You swap places with Dogface. You swap places with Dogface. You swap places with Dogface. The hobbit shoots a gray stone! You are hit by a gray stone! You see here a gray stone. You swap places with Dogface. Dogface picks up a gray stone. Dogface drops a gray stone. The hobbit shoots a gray stone! You are hit by a gray stone. Dogface bites it. Dogface misses the large kobold. The large kobold picks up a gray stone. Dogface bites the large kobold. The large kobold is killed! Dogface picks up a gray stone. Dogface drops a gray stone. You see here 4 gray stones. Dogface drops a sling. You swap places with Dogface. You swap places with Dogface. N - a scroll labeled XIXAXA XOXAXA XUXAXA. You are momentarily blinded by a flash of light! You hear a deafening roar! Wait! There's something there you can't see! It bites! You get zapped! It bites! You get zapped! It bites! It bites! You die... Do you want your possessions identified? [ynq] (y) Do you want to see your attributes? [ynq] (y) Do you want an account of creatures vanquished? [ynaq] (y) Major events: Turn 1: bezaban the neutral male human Tourist entered the dungeon 934: entered the Gnomish Mines 1619: killed by a gecko Inventory: Coins $ - 880 gold pieces Weapons a - 34 +2 darts (at the ready) L - a +0 dagger J - a cursed -1 dagger Armor l - an uncursed +0 pair of kicking boots (being worn) i - an uncursed burnt +0 Hawaiian shirt with a sailboat motif (being worn) Comestibles f - an uncursed banana c - 4 uncursed food rations y - 2 uncursed food rations b - 2 uncursed tripe rations r - 2 uncursed tripe rations d - an uncursed tin of pickled goblin meat p - an uncursed egg Scrolls C - a blessed scroll of charging H - an uncursed scroll of gold detection N - an uncursed scroll of light h - 3 uncursed scrolls of magic mapping z - an uncursed scroll of magic mapping D - an uncursed scroll of remove curse n - a blessed scroll of teleportation Spellbooks E - an uncursed spellbook of levitation Potions w - a cursed potion of confusion A - an uncursed potion of levitation F - an uncursed potion of water Rings G - a blessed +1 ring of increase damage t - an uncursed ring of sustain ability Tools K - an uncursed bugle k - an uncursed credit card j - an expensive camera (0:45) m - an uncursed magic whistle Gems/Stones M - 2 uncursed garnet stones B - an uncursed worthless piece of black glass u - an uncursed worthless piece of violet glass v - an uncursed worthless piece of white glass Bezaban the Tourist's attributes: Background: You were a Rambler, a level 1 male human Tourist. You were neutral, nominally on a mission for The Lady who was opposed by Blind Io (lawful) and Offler (chaotic). You were in the Gnomish Mines, on level 4. You entered the dungeon 1619 turns ago. You had 14 experience points, 6 more were needed to attain level 2. Basics: You had 0 out of 11 hit points. You had both energy points (spell power). Your armor class was 9. Your wallet contained 880 zorkmids. Autopickup was on for '$!?/"=%' plus thrown, with exceptions. Final Characteristics: Your strength was 11 (limit:18/100). Your dexterity was 10 (limit:18). Your constitution was 18 (limit:18). Your intelligence was 11 (limit:18). Your wisdom was 9 (limit:18). Your charisma was 16 (limit:18). Final Status: You were temporarily blind. You were deaf. You were not hungry. You were unencumbered. You were bare handed. You were unskilled in bare handed combat. Final Attributes: You were stridently aligned. You are dead. Miscellaneous: You never encountered a bones level. Total elapsed playing time was 9 minutes and 28 seconds. Vanquished creatures: a shrieker an acid blob a hobbit a large kobold a giant rat 7 gnomes a gnome zombie 2 geckos a jackal 3 goblins 3 sewer rats 3 grid bugs 2 lichens 9 newts 36 creatures vanquished. No species were genocided or became extinct. Voluntary challenges: You were an atheist. You never hit with a wielded weapon. You read items or engraved 3 times. You engraved Elbereth 3 times. You never genocided any monsters. You never polymorphed an object. You never changed form. You used no wishes. Achievement: You entered the Gnomish Mines. The Dungeons of Doom: levels 1 to 3 Level 1: A fountain. Level 2: A fountain. Level 3: Stairs down to The Gnomish Mines. The Gnomish Mines: levels 4 to 5 Level 4: <- You were here. Final resting place for you, killed by a gecko. Level 5: Game over: ---------- / \ / REST \ / IN \ / PEACE \ / \ | bezaban | | 880 Au | | killed by a | | gecko | | | | | | 2022 | *| * * * | * _________)/\\_//(\/(/\)/\//\/|_)_______ Aloha bezaban the Tourist... You died in The Gnomish Mines on dungeon level 4 with 541 points, and 880 pieces of gold, after 1619 moves. You were level 1 with a maximum of 11 hit points when you died.